 Dungeon Crawl Stone Soup version 0.29-a0-553-g81b289dbe5 (webtiles) character file.

Game seed: 13546494826857955880

64080 Bruhh the Basher (level 15, -14/111 HPs)
             Began as a Gargoyle Fighter on June 6, 2022.
             Was a High Priest of Fedhas.
             Killed by an exploding ballistomycete spore (24 damage)
             ... on level 1 of the Orcish Mines.
             The game lasted 00:40:52 (31780 turns).

Bruhh the Basher (Gargoyle Fighter)                Turns: 31780, Time: 00:40:53

Health: -14/111    AC: 35    Str: 27    XL:     15   Next: 11%
Magic:  26/34      EV:  7    Int: 13    God:    Fedhas [*****.]
Gold:   1173       SH:  6    Dex: 15    Spells: 14/14 levels left

rFire   . . .      SeeInvis .   a - +1 morningstar
rCold   . . .      Faith    .   c - +0 buckler
rNeg    + . .      Spirit   .   G - +3 plate armour
rPois   ∞          Reflect  .   (no helmet)
rElec   +          Harm     .   E - +1 cloak {rCorr}
rCorr   +          Rampage  .   k - +1 pair of gloves
Will    ++...                   X - +0 pair of boots
Stlth   ..........              n - amulet of Vitality {Regen+ HP+15}
HPRegen 1.08/turn               e - ring of Zaetihig {rPois MP+9 Int+4 Dex+6 Stlth-}
MPRegen 0.24/turn               r - ring of willpower

@: flying, studying Dodging
A: sickness immunity, AC +11, big wings, negative energy resistance 1,
electricity resistance, torment resistance 1, petrification resistance
a: Renounce Religion, Wall of Briars, Grow Ballistomycete, Overgrow, Grow Oklob


You were on level 1 of the Orcish Mines.
You worshipped Fedhas.
Fedhas was extremely pleased with you.
You visited 3 branches of the dungeon, and saw 23 of its levels.
You also visited: Bailey.

You collected 2358 gold pieces.
You spent 1185 gold pieces at shops.

Inventory:

Hand Weapons
 a - a +1 morningstar (weapon)
 H - a +2 vorpal flail
 Q - a +0 flail of draining
Missiles
 s - 7 curare-tipped darts (quivered)
 F - 4 throwing nets
Armour
 c - a +0 buckler (worn)
 k - a +1 pair of gloves (worn)
 E - a +1 cloak of preservation (worn)
 G - a +3 plate armour (worn)
 X - a +0 pair of boots (worn)
Jewellery
 e - the ring of Zaetihig (left hand) {rPois MP+9 Int+4 Dex+6 Stlth-}
   (You found it on level 5 of the Lair of Beasts)

   [ring of dexterity]

   Int:       It affects your intelligence (+4).
   Dex:       It affects your dexterity (+6).
   rPois:     It protects you from poison.
   MP:        It affects your magic capacity (+9).
   Stlth:     It makes you less stealthy.
 n - the amulet of Vitality (around neck) {Regen+ HP+15}
   (You bought it in a shop on level 12 of the Dungeon)

   [amulet of regeneration]

   HP:        It affects your health (+15).
   Regen:     It increases your rate of health regeneration.
 q - a +4 ring of evasion
 r - a ring of willpower (right hand)
Wands
 b - a wand of acid (1)
 g - a wand of digging (7)
 w - a wand of flame (74)
 A - a wand of charming (16)
Scrolls
 d - 3 scrolls of enchant armour
 h - a scroll of enchant weapon
 l - 2 scrolls of fog
 m - a scroll of blinking
 t - 2 scrolls of amnesia
 z - 5 scrolls of vulnerability
 C - 3 scrolls of silence
 D - 3 scrolls of summoning
 K - 4 scrolls of fear
 S - a scroll of identify
 T - 5 scrolls of immolation
 V - 2 scrolls of poison
 W - 4 scrolls of teleportation
 Y - 4 scrolls of magic mapping
Potions
 f - 3 potions of curing
 i - 2 potions of ambrosia {unknown}
 j - a potion of brilliance
 p - 3 potions of mutation
 v - 6 potions of haste
 x - 6 potions of lignification
 B - a potion of cancellation
 I - 2 potions of attraction
 L - a potion of might
 M - a potion of berserk rage
 O - 2 potions of resistance
 Z - a potion of invisibility
Miscellaneous
 o - a phial of floods
 J - a box of beasts
 R - a lightning rod (4/4)
 U - a phantom mirror


   Skills:
 - Level 12.1 Fighting
 + Level 14.8 Maces & Flails
 - Level 11.0 Armour
 - Level 8.0 Shields
 + Level 14.2 Invocations
 - Level 8.0 Evocations


You had 14 spell levels left.
You didn't know any spells.
Your spell library contained the following spells:

 Spells                   Type           Power      Damage    Failure   Level
 Magic Dart               Conj           0%         1d3       97%         1
 Blink                    Tloc           0%         N/A       99%         2
 Confusing Touch          Hex            0%         N/A       100%        3
 Dazzling Flash           Conj/Hex       0%         N/A       100%        3
 Gell's Gravitas          Tloc           0%         N/A       100%        3
 Inner Flame              Hex/Fire       0%         N/A       100%        3
 Lesser Beckoning         Tloc           0%         N/A       100%        3
 Teleport Other           Tloc           0%         N/A       100%        3
 Airstrike                Air            0%         N/A       100%        4
 Animate Dead             Necr           0%         N/A       100%        4
 Cause Fear               Hex            0%         N/A       100%        4
 Hailstorm                Conj/Ice       0%         3d3       100%        4
 Iskenderun's Mystic Bla  Conj/Tloc      0%         2d3       100%        4
 Summon Lightning Spire   Summ/Air       0%         N/A       100%        4
 Borgnjor's Vile Clutch   Necr/Erth      0%         N/A       100%        5
 Fireball                 Conj/Fire      0%         3d3       100%        5
 Iskenderun's Battlesphe  Conj           0%         2d6       100%        5
 Lightning Bolt           Conj/Air       0%         1d11      100%        5
 Yara's Violent Unravell  Hex/Tmut       0%         3d3       100%        5
 Death Channel            Necr           0%         N/A       100%        6
 Iron Shot                Conj/Erth      0%         9d1       100%        6
 Starburst                Conj/Fire      0%         6d3       100%        6
 Enfeeble                 Hex            0%         N/A       100%        7
 Malign Gateway           Summ/Tloc      0%         N/A       100%        7
 Spellforged Servitor     Conj/Summ      0%         N/A       100%        7
 Borgnjor's Revivificati  Necr           0%         N/A       100%        8
 Discord                  Hex            0%         N/A       100%        8
 Ignition                 Fire           0%         3d3       100%        8
 Necromutation            Tmut/Necr      0%         N/A       100%        8
 Summon Horrible Things   Summ           0%         N/A       100%        8
 Death's Door             Necr           0%         N/A       100%        9


Dungeon Overview and Level Annotations

Branches:
Dungeon (15/15)            Temple (0/1) D:6            Lair (6/6) D:11
 Shoals (0/4) Lair:2       Spider (0/4) Lair:4        Slime (0/5) Lair:5
    Orc (2/2) D:12         Bailey (visited)
    Elf: Orc:2       Vaults: D:13-14     Depths: D:15

Altars:
Dithmenos
Fedhas
Gozag
Nemelex Xobeh
Okawaru
Ru
Sif Muna
Trog
Uskayaw
Wu Jian
Beogh
Lugonu

Shops:
D:1 [   D:6 !   D:12 =(

Portals:
Abyss: Lair:1 Lair:6

Annotations:
D:4 3 runed translucent doors, dricus's ghost, amateur GnWn
Lair:1 4 transporters, blade888's ghost, journeyman OpIE


Innate Abilities, Weirdness & Mutations

You are immune to sickness and miasma.
Your stone body is resilient. (AC +11)
You are immune to poison.
Your large and strong wings let you fly.
You resist negative energy. (rN+)
You are resistant to electric shocks. (rElec)
You are resistant to unholy torment.
You are immune to petrification.


Message History

The explosion of spores engulfs the orc warrior!!!
You kill the orc warrior!
Fedhas appreciates your contribution to the ecosystem.
Fedhas protects your plant from harm. x4
Your ballistomycete spore explodes!
The explosion of spores engulfs you!!
* * * LOW HITPOINT WARNING * * *
Fedhas protects your plant from harm. x3
Your oklob sapling spits acid at the orc.
The splash of acid hits the orc!!
The acid corrodes the orc!
The orc dies!
Fedhas appreciates your contribution to the ecosystem.
Your oklob sapling spits acid at the troll.
Fedhas protects a plant from harm.
The splash of acid hits the troll!!
The acid corrodes the troll!
The troll dies!
Fedhas appreciates your contribution to the ecosystem.
The ogre hits your briar patch with a +0 giant club!
Your briar patch is destroyed!
Your briar patch disappears in a puff of smoke!
Unknown command.
The orc hits your briar patch with a +0 dagger.
Aiming: Iceblast
Press: ? - help, Shift-Dir - straight line, f - ogre
Aim: an ogre, wielding a +0 giant club (ally target)
The mass of ice explodes!
The iceblast engulfs the ogre!
The ogre is severely wounded.
Fedhas protects your plant from harm.
The iceblast engulfs the orc!
You kill the orc!
Fedhas appreciates your contribution to the ecosystem.
The now-empty wand crumbles to dust.
Unknown command.
Unknown command.
You hit the ogre.
The ogre is almost dead.
Your ballistomycete spore explodes!
The explosion of spores engulfs you!!
You die...
Fedhas appreciates your contribution to the ecosystem.

##### #### ####PPP## # ##
##...###..#.)).#.##
#.##..#.....#..@.PPP)...#
.......<........OP>)....#
#.##$...$..........P.......
##.................$....
##.................##.#
#....#.............. .
##....#..............
##...##.............
..###.............


You could see an ogre (ally target) and 2 friendly oklob saplings.

Vanquished Creatures
  A stone giant (shapeshifter) (Lair:6)
  A very ugly thing (D:15)
  A vault guard (D:14)
  A centaur warrior (D:15)
  6 two-headed ogres
  2 boulder beetles
  A tengu warrior (D:15)
  An orc high priest (Orc:1)
  2 thrashing horrors (Lair:6)
  3 skeletal warriors
  A wizard (D:14)
  7 ugly things
  An orc sorcerer (Orc:1)
  3 deep elf pyromancers
  5 manticores
  4 cyclopes
  4 black mambas
  Maurice (D:12)
  Joseph (Lair:1)
  4 elephants (Lair:4)
  2 molten gargoyles (Lair:4)
  7 cane toads
  3 smoke demons (Lair:6)
  4 kobold demonologists
  5 komodo dragons
  Psyche (D:10)
  An efreet (D:14)
  2 unseen horrors (D:11)
  3 rime drakes
  3 ancient zymes (Lair:6)
  6 trolls
  A hornet (D:9)
  A hornet (shapeshifter) (Lair:6)
  2 polar bears (Lair:6)
  4 dream sheep (Lair:6)
  20 blink frogs
  10 slime creatures
  A snapping turtle (Lair:2)
  Sigmund (D:2)
  A vampire (D:11)
  36 yaks
  3 water elementals (D:15)
  2 wyverns
  A wraith (D:10)
  A centaur simulacrum (D:14)
  A spriggan (Lair:6)
  Grum (Bailey)
  3 vampire mosquitoes
  A basilisk (Lair:6)
  A large abomination (Lair:6)
  5 steam dragons
  2 chaos spawn (Lair:6)
  4 wargs
  15 water moccasins
  10 small abominations (Lair:6)
  An acid dragon (D:12)
  5 sky beasts
  3 black bears
  2 ice beasts
  10 orc warriors
  10 ogres
  5 centaurs
  14 wolves
  A phantom (D:5)
  11 bullfrogs
  5 kobold brigands
  Blork the orc (D:4)
  6 gnoll sergeants
  3 necrophages
  2 scorpions
  4 wights (D:7)
  17 killer bees
  3 howler monkeys
  5 electric eels (D:15)
  5 lava snakes (Lair:4)
  5 hounds
  10 gnoll shamans
  5 jellies
  Crazy Yiuf (D:5)
  12 orc priests
  12 orc wizards
  5 iguanas
  Robin (D:2)
  38 gnolls
  9 adders
  A shadow imp (D:4)
  2 ufetubi (D:5)
  3 worms
  3 dart slugs
  64 orcs
  8 bats
  5 endoplasms
  5 giant cockroaches
  19 goblins
  8 hobgoblins
  A jackal (D:1)
  4 quokkas
  5 ball pythons
  7 frilled lizards
  24 kobolds
  3 rats
  A ballistomycete spore (Lair:4)
588 creatures vanquished.

Vanquished Creatures (collateral kills)
  The ghost of Turbonekonecno the Unseen, a journeyman SpEn of Fedhas (Lair:6)
  2 two-headed ogres (Orc:2)
  Lodul (D:10)
  An elephant (Lair:4)
  A troll (Orc:1)
  2 blink frogs (Lair:3)
  An orc warrior (Orc:1)
  3 ogres
  A gnoll sergeant (Bailey)
  An orc priest (Orc:2)
  An orc wizard (Orc:1)
  2 gnolls (Bailey)
  2 orcs
  28 ballistomycete spores
47 creatures vanquished.

Vanquished Creatures (others)
  A spriggan (Lair:6)
  An orc wizard (D:9)
  A ballistomycete spore (D:10)
  20 fungi
  23 plants
  13 toadstools (Lair:6)
59 creatures vanquished.

Grand Total: 694 creatures vanquished

Notes
Turn   | Place    | Note
-------+----------+-------------------------------------------
     0 | D:1      | Bruhh the Gargoyle Fighter began the quest for the Orb.
     0 | D:1      | Reached XP level 1. HP: 14/14 MP: 1/1
   343 | D:1      | Reached XP level 2. HP: 19/19 MP: 2/2
   382 | D:1      | Found Uraij's Armour Shoppe.
   838 | D:2      | Reached XP level 3. HP: 20/24 MP: 3/3
  1034 | D:2      | Noticed Sigmund
  1075 | D:2      | Noticed Robin
  1085 | D:2      | Found a sacrificial altar of Ru.
  1848 | D:2      | Killed Sigmund
  1849 | D:2      | Reached skill level 5 in Fighting
  1849 | D:2      | Reached XP level 4. HP: 21/31 MP: 4/4
  1849 | D:2      | Reached XP level 5. HP: 24/35 MP: 5/5
  2096 | D:2      | Reached XP level 6. HP: 24/40 MP: 6/6
  2490 | D:2      | Killed Robin
  2901 | D:3      | Reached skill level 5 in Maces & Flails
  3615 | D:3      | Found a faded altar of an unknown god.
  3708 | D:4      | Reached XP level 7. HP: 47/47 MP: 7/7
  3776 | D:4      | Found a runed translucent gate.
  3776 | D:4      | Found a runed translucent gate.
  3776 | D:4      | Found a runed translucent gate.
  3788 | D:4      | Noticed dricus's ghost (amateur GnWn)
  4235 | D:4      | Noticed Blork the orc
  4242 | D:4      | Killed Blork the orc
  4693 | D:5      | Entered Level 5 of the Dungeon
  4874 | D:5      | Reached XP level 8. HP: 42/53 MP: 8/8
  5163 | D:5      | Found a runed translucent door.
  5164 | D:5      | Noticed Crazy Yiuf
  5260 | D:5      | Found a blossoming altar of Fedhas.
  5281 | D:5      | Became a worshipper of Fedhas Madash
  5625 | D:5      | Found a shimmering blue altar of Sif Muna.
  5809 | D:5      | Killed Crazy Yiuf
  6156 | D:6      | Found a staircase to the Ecumenical Temple.
  6683 | D:5      | Reached * piety under Fedhas
  6694 | D:5      | Reached XP level 9. HP: 21/60 MP: 9/9
  7430 | D:6      | Reached skill level 10 in Fighting
  7440 | D:6      | Reached skill level 1 in Invocations
  7609 | D:6      | Identified the +5 ring mail "Amuicyih" {rElec Will- Str+3}
  7791 | D:6      | Found a sparkling altar of Nemelex Xobeh.
  7824 | D:6      | Found Siosudamm's Distillery.
  7900 | D:6      | Reached ** piety under Fedhas
  8537 | D:6      | Noticed a two-headed ogre
  8548 | D:6      | Killed a two-headed ogre
  8549 | D:6      | Reached skill level 10 in Maces & Flails
  8549 | D:6      | Reached skill level 5 in Invocations
  8549 | D:6      | Reached XP level 10. HP: 7/68 MP: 11/14
  8937 | D:6      | Reached skill level 1 in Evocations
  9439 | D:7      | Reached *** piety under Fedhas
  9962 | D:8      | Identified a scroll of acquirement
 10600 | D:8      | Found a hide-covered altar of Uskayaw.
 10602 | D:8      | Found a flagged portal.
 10614 | Bailey   | Entered a bailey
 10797 | Bailey   | Reached **** piety under Fedhas
 10905 | Bailey   | Acquired a manual of Dodging
 11074 | Bailey   | Noticed Grum
 11089 | Bailey   | Killed Grum
 11090 | Bailey   | Reached skill level 5 in Evocations
 11149 | Bailey   | Reached XP level 11. HP: 69/72 MP: 15/17
 11556 | D:8      | Found an opulent altar of Gozag.
 12014 | D:8      | Reached ***** piety under Fedhas
 12372 | D:9      | Found a bloodstained altar of Trog.
 12652 | D:9      | Noticed a sun demon
 12896 | D:9      | Reached skill level 10 in Invocations
 13151 | D:10     | Entered Level 10 of the Dungeon
 13288 | D:10     | Noticed a sun demon
 14015 | D:9      | Found an iron altar of Okawaru.
 14286 | D:10     | Noticed Lodul
 14326 | D:10     | Killed Lodul
 14329 | D:10     | Reached skill level 5 in Armour
 14547 | D:10     | Found a shadowy altar of Dithmenos.
 14721 | D:10     | Noticed a two-headed ogre
 14736 | D:10     | Killed a two-headed ogre
 14874 | D:10     | Noticed Psyche
 14921 | D:10     | Killed Psyche
 15083 | D:11     | Noticed a manticore
 15197 | D:10     | Killed a manticore
 15198 | D:10     | Reached XP level 12. HP: 24/77 MP: 5/20
 16197 | D:11     | Found a staircase to the Lair.
 16352 | Lair:1   | Entered Level 1 of the Lair of Beasts
 17325 | Lair:1   | Found a transporter.
 17339 | Lair:1   | Noticed a soul eater
 17347 | Lair:1   | Found a transporter.
 17355 | Lair:1   | Found a one-way gate to the infinite horrors of the Abyss.
 17357 | Lair:1   | Noticed a great orb of eyes
 17359 | Lair:1   | Noticed blade888's ghost (journeyman OpIE)
 17480 | Lair:1   | Found a transporter.
 17613 | Lair:1   | Found a hide-covered altar of Uskayaw.
 17613 | Lair:1   | Found an ornate altar of the Wu Jian Council.
 17613 | Lair:1   | Noticed a boulder beetle
 17636 | Lair:1   | Killed a boulder beetle
 17934 | Lair:1   | Noticed Joseph
 17950 | Lair:1   | Killed Joseph
 18202 | Lair:1   | Found a transporter.
 18267 | Lair:1   | Reached skill level 10 in Armour
 19332 | Lair:2   | Found a staircase to the Shoals.
 19348 | Lair:2   | HP: 5/115 [snapping turtle (9)]
 20014 | Lair:3   | Reached XP level 13. HP: 81/83 MP: 18/22
 21644 | Lair:4   | Reached skill level 5 in Shields
 22338 | Lair:4   | Found a hole to the Spider Nest.
 22376 | Lair:4   | Identified the ring "Nerew" {Drain rElec rN+ MP+9}
 22683 | Lair:5   | Found a staircase to the Slime Pits.
 22689 | Lair:5   | Found a hide-covered altar of Uskayaw.
 22694 | Lair:5   | Got the Disquisition on Battle Magic and Displacement
 23064 | Lair:5   | Identified the ring of Zaetihig {rPois MP+9 Int+4 Dex+6
                  | Stlth-}
 23471 | Lair:6   | Entered Level 6 of the Lair of Beasts
 23622 | Lair:6   | Found a runed translucent gate.
 23623 | Lair:6   | Found a runed translucent gate.
 23625 | Lair:6   | Found a runed translucent gate.
 23625 | Lair:6   | Noticed Turbonekonecno's ghost (journeyman SpEn)
 25369 | Lair:6   | Gained mutation: Your large and strong wings let you fly.
                  | [Gargoyle growth]
 25369 | Lair:6   | Reached XP level 14. HP: 75/92 MP: 23/23
 25447 | Lair:6   | Noticed a stone giant
 25459 | Lair:6   | Killed a stone giant
 25931 | Lair:6   | Found a corrupted altar of Lugonu.
 26126 | Lair:6   | Found a blossoming altar of Fedhas.
 26226 | Lair:6   | Reached ****** piety under Fedhas
 26610 | Lair:6   | Killed Turbonekonecno's ghost
 26753 | D:12     | Found Zyzul's Weapon Shoppe.
 28971 | D:12     | Found a staircase to the Orcish Mines.
 29028 | D:12     | Found Laadghea's Jewellery Boutique.
 29034 | D:12     | Bought the amulet of Vitality {Regen+ HP+15} for 1185 gold
                  | pieces
 29034 | D:12     | Found the amulet of Vitality {Regen+ HP+15}
 29142 | D:12     | Noticed Maurice
 29161 | D:12     | Killed Maurice
 29422 | D:12     | You are sucked into a shaft and drop 3 floors!
 29422 | D:15     | Entered Level 15 of the Dungeon
 29686 | D:15     | Noticed a red very ugly thing
 29713 | D:15     | Killed a purple very ugly thing
 30660 | Orc:1    | Entered Level 1 of the Orcish Mines
 30660 | Orc:1    | You are sucked into a shaft and drop 1 floor!
 30660 | Orc:2    | Entered Level 2 of the Orcish Mines
 31306 | Orc:1    | Reached XP level 15. HP: 70/96 MP: 25/25
 31776 | Orc:1    | HP: 5/111 [spore (21)]
 31780 | Orc:1    | Killed by an exploding ballistomycete spore

Illustrated notes

Levels and vault maps discovered:
D:1:      grunt_arrival_crossed_arrows, layout_basic, serial_shops,
          nicolae_shop_hallway_stairs, st_stairs_2, minmay_misc_feat_iff
D:2:      layout_rooms, basic_altar, uniq_sigmund, uniq_robin
D:3:      layout_loops_ring, hellmonk_ecumenical_altar_defaced_shrine,
          minmay_quadrilaterals
D:4:      layout_loops_ring, ebering_ghost_rock_garden, portal_sewer_entry_f,
          minmay_pentomino_pile, uniq_blork_the_orc
D:5:      minmay_evil_eye, layout_loops_cross, lemuel_crystal_altar,
          mainiacjoe_overflow_six_doors_small, nicolae_elevator_lobby_plus,
          uniq_crazy_yiuf_cottage
D:6:      kennysheep_windowed_halls, layout_rooms,
          nemelex_xobeh_ov_fountains_minmay,
          minmay_temple_entry_statues_fountains, serial_shops, shop,
          minmay_alternating_orb
D:7:      layout_gridville, minmay_misc_feat_four_crosses
D:8:      layout_basic, mainiacjoe_overflow_cross_hatched, grunt_gozag_statues,
          enter_bailey_3
D:9:      layout_stronghold, lemuel_doored_altar, mainiacjoe_overflow_brackets,
          kennysheep_generic_room_14
D:10:     layout_cave_pools, mainiacjoe_overflow_small_starburst, uniq_lodul,
          uniq_psyche
D:11:     layout_loops_ring, lair_entry_dummy, kennysheep_generic_room_6
D:12:     layout_roguey, david_orc_3, serial_shops, shop,
          nicolae_zen_rock_garden, nicolae_stop_n_shop_1, uniq_maurice
D:13:     layout_roguey, chequers_serial_rivers_room_b, minmay_holes,
          serial_park_tiny_1, zin_angel
D:14:     layout_cave_pools, erik_vaults_2, lemuel_zombie_altar_yredelemnul
D:15:     gammafunk_enter_depths_forms, layout_basic,
          nicolae_trove_entry_isolated, minmay_misc_feat_room, serial_bayou,
          serial_bayou_shore_a, serial_bayou_pond_a, serial_bayou_pond_b,
          serial_bayou_crossing, eino_curves_03, minmay_misc_feat_columns
Lair:1:   gammafunk_worm_tunnel, layout_hall_layers,
          gammafunk_ghost_abyssal_escape, chequers_serial_rivers_room_b,
          chequers_serial_rivers_small_b, st_stairs_12, minivault_25,
          nzn_masters_of_martial_movement, infiniplex_staircase_pool_2,
          uniq_joseph
Lair:2:   layout_cave_pods, minmay_shoals_entry_hut, grunt_megastairs_2
Lair:3:   layout_cellular_growth, lemuel_fruit_tree
Lair:4:   cheibrodos_magma_flow, layout_cave_pods, dummy_spider_entry,
          lemuel_fruit_fields
Lair:5:   layout_misc_corridors, slime_dummy, basic_altar, grunt_megastairs_4
Lair:6:   hellmonk_lair_end_abyssal_woods, layout_regular_city,
          ebering_ghost_rock_garden, columned_hall_lemuel, tgw_fedhas,
          infiniplex_staircase_pool
Orc:1:    layout_caves
Orc:2:    st_orc_rangers, layout_diamond_mine

Skill      XL: |  1  2  3  4  5  6  7  8  9 10 11 12 13 14 15 |
---------------+----------------------------------------------+-----
Fighting       | 4 5 6 7 9 10 12 | 12.1
Maces & Flails | 4 5 6 8 10 11 14 | 14.8
Invocations    | 5 9 10 12 13 14 | 14.2
Evocations     | 5 8 |  8.0
Armour         | 6 10 11 | 11.0
Shields        | 8 |  8.0

Action                   |  1- 3 |  4- 6 |  7- 9 | 10-12 | 13-15 || total
-------------------------+-------+-------+-------+-------+-------++-------
Melee: Flail             |   105 |   147 |   489 |   962 |   174 ||  1877
       Whip              |       |    61 |    26 |       |       ||    87
       Morningstar       |       |       |       |       |  1112 ||  1112
Invok: Wall of Briars    |       |       |       |     1 |     3 ||     4
       Overgrow          |       |       |       |     2 |     3 ||     5
       Grow Ballistomyce |       |       |       |     1 |     1 ||     2
Evoke: Wand              |       |       |       |    10 |    11 ||    21
       Box of beasts     |       |       |       |     1 |       ||     1
       Phial of floods   |       |       |       |       |     2 ||     2
  Use: Potion            |     5 |       |     2 |    14 |     6 ||    27
       Scroll            |     4 |       |     1 |    14 |    15 ||    34
 Stab: Confused          |       |       |       |     1 |       ||     1
Armor: Scale mail        |    99 |   132 |   297 |    51 |       ||   579
       Plate armour      |       |       |       |   673 |   967 ||  1640
       Skin              |       |       |       |    73 |    22 ||    95
Dodge: Dodged            |    89 |   113 |   376 |   603 |   615 ||  1796
Block: Buckler           |    21 |    30 |   128 |   222 |   359 ||   760

Table legend: (Time is in decaauts)
 A = Elapsed time spent in this place.
 B = Non-inter-level travel time spent in this place.
 C = Inter-level travel time spent in this place.
 D = Time resting spent in this place.
 E = Time spent auto-exploring this place.
 F = Levels seen in this place.
 G = Mean time per level.
                   A        B        C        D        E       F      G
               +--------+--------+--------+--------+--------+-----+--------+
         Total |  31826 |  30978 |    848 |   5830 |  19308 |  24 | 1326.1 |
       Dungeon |  20234 |  19649 |    585 |   5119 |  10773 |  15 | 1348.9 |
          Lair |   9636 |   9381 |    255 |     10 |   7775 |   6 | 1606.0 |
  Orcish Mines |   1106 |   1099 |      7 |    701 |    154 |   2 |  553.0 |
        Bailey |    848 |    848 |      0 |      0 |    606 |   1 |  848.0 |
               +--------+--------+--------+--------+--------+-----+--------+

Top non-repeatable levels by time:
  Lair:6: 3216 daAuts
    D:11: 2565 daAuts
     D:5: 2507 daAuts
     D:9: 2031 daAuts
  Lair:4: 1960 daAuts
     D:6: 1933 daAuts
    D:12: 1902 daAuts
    D:10: 1646 daAuts
     D:1: 1544 daAuts
  Lair:1: 1418 daAuts
     D:2: 1190 daAuts
  Lair:2: 1177 daAuts
  Lair:3: 1066 daAuts
     D:8: 1036 daAuts
     D:4: 1020 daAuts
